 Dungeon Crawl Stone Soup version 0.30.1-11-g7821555f0a (webtiles) character file.

Game seed: 10128339795595446925

44 Ijustatesigmund the Digger (level 3, -7/25 HPs)
             Began as a Gnoll Earth Elementalist on Nov 30, 2023.
             Mangled by Terence
             ... wielding a +0 mace
              (8 damage)
             ... on level 2 of the Dungeon.
             The game lasted 00:01:43 (1135 turns).

Ijustatesigmund the Digger (GnEE)                   Turns: 1135, Time: 00:01:43

Health: -7/25      AC:  2    Str:  7    XL:     3   Next: 62%
Magic:  3/9        EV: 13    Int: 16    God:
Gold:   82         SH:  0    Dex: 12    Spells: 8/12 levels left

rFire   . . .        c - +3 short sword (flame)
rCold   . . .        (no shield)
rNeg    . . .        a - +0 robe
rPois   .            (no helmet)
rElec   .            (no cloak)
rCorr   .            (no gloves)
SInv    .            (no boots)
Will    .....        (no amulet)
Stlth   ++           (no ring)
HPRegen 0.24/turn    (no ring)
MPRegen 0.11/turn

%: no passive effects
@: no status effects
A: fangs 1, strong nose, distributed training
a: no special abilities


You were on level 2 of the Dungeon.
You visited 1 branch of the dungeon, and saw 2 of its levels.

You collected 82 gold pieces.

Inventory:

Hand Weapons
 c - a +3 short sword of flaming (weapon)
Missiles
 i - 2 silver javelins
Armour
 a - a +0 robe (worn)
Jewellery
 h - a ring of protection from fire
 l - a ring of positive energy
Scrolls
 g - a scroll of teleportation {unknown}
 k - a scroll of identify {unknown}
 n - a scroll of vulnerability {unknown}
 o - 2 scrolls of acquirement {unknown}
 q - a scroll of torment {unknown}
Potions
 b - a potion of magic
 d - 2 potions of curing {unknown}
 e - a potion of might {unknown}
 f - a potion of brilliance {unknown}
 j - a potion of degeneration {unknown}
 m - a potion of ambrosia {unknown}
 p - a potion of attraction {unknown}


   Skills:
 + Level 0.9 Fighting
 + Level 0.9 Short Blades
 + Level 0.9 Long Blades
 + Level 0.9 Axes
 + Level 0.9 Maces & Flails
 + Level 0.9 Polearms
 + Level 0.9 Staves
 + Level 0.9 Ranged Weapons
 + Level 0.9 Throwing
 + Level 0.9 Armour
 + Level 4.5 Dodging
 + Level 4.2 Stealth
 + Level 0.9 Shields
 + Level 0.9 Unarmed Combat
 + Level 5.0 Spellcasting
 + Level 0.6 Conjurations
 + Level 0.6 Hexes
 + Level 0.6 Summonings
 + Level 0.6 Necromancy
 + Level 0.6 Translocations
 + Level 2.1 Transmutations
 + Level 0.6 Fire Magic
 + Level 0.6 Ice Magic
 + Level 0.6 Air Magic
 + Level 5.4 Earth Magic
 + Level 0.6 Poison Magic
 + Level 1.0 Invocations
 + Level 0.9 Evocations


You had 8 spell levels left.
You knew the following spells:

 Your Spells              Type           Power      Damage    Failure   Level
a - Sandblast             Erth           42%        2d11      1%          1
b - Stone Arrow           Conj/Erth      26%        3d8       13%         3

Your spell library contained the following spells:

 Spells                   Type           Power      Damage    Failure   Level
 Passwall                 Tmut/Erth      13%        N/A       4%          2
 Static Discharge         Conj/Air       12%        2-3/arc   19%         2
 Petrify                  Tmut/Erth      16%        N/A       32%         4
 Airstrike                Air            3%         2d(1-17)  75%         4
 Summon Lightning Spire   Summ/Air       6%         N/A       75%         4


Dungeon Overview and Level Annotations

Branches:
Dungeon (2/15)

Altars:
Xom

Annotations:
D:2 Terence


Innate Abilities, Weirdness & Mutations

You have very sharp teeth.
Your uncanny sense of smell can sniff out nearby items.
Your experience applies equally to all skills.


Message History

Aim: Terence, wielding a +0 mace and wearing a +0 chain mail (87% to hit)
The blast of sand misses Terence.
Terence hits you with a +0 mace!
Unknown command.
You hit Terence. You burn Terence.
Terence is lightly wounded.
Terence barely misses you.
You puncture Terence! You burn Terence.
Terence is severely wounded.
Terence hits you with a +0 mace!
Casting: Sandblast (safe; 1% risk of failure)
Confirm with . or Enter, or press ? or * to list all spells.
The spell is quite dangerous to miscast (13% risk of failure)!
Continue anyway? [Y]es or [N]o only, please.
The spell is quite dangerous to miscast (13% risk of failure)!
Continue anyway?
Aiming: Stone Arrow (quite dangerous; 13% risk of failure)
Press: ? - help, Shift-Dir - straight line, f/p - Terence
Aim: Terence, wielding a +0 mace and wearing a +0 chain mail (severely wounded, 77% to hit)
The stone arrow hits Terence.
Terence is severely wounded.
Terence hits you with a +0 mace.
* * * LOW HITPOINT WARNING * * *
Casting: Stone Arrow (quite dangerous; 13% risk of failure)
Confirm with . or Enter, or press ? or * to list all spells.
Aiming: Sandblast (safe; 1% risk of failure)
Press: ? - help, Shift-Dir - straight line, f/p - Terence
Aim: Terence, wielding a +0 mace and wearing a +0 chain mail (severely wounded, 87% to hit)
The blast of sand hits Terence but does no damage.
Terence is severely wounded.
Terence barely misses you.
Casting: Sandblast (safe; 1% risk of failure)
Confirm with . or Enter, or press ? or * to list all spells.
Aiming: Sandblast (safe; 1% risk of failure)
Press: ? - help, Shift-Dir - straight line, f/p - Terence
Aim: Terence, wielding a +0 mace and wearing a +0 chain mail (severely wounded, 87% to hit)
The blast of sand hits Terence but does no damage.
Terence is severely wounded.
Terence hits you with a +0 mace.
* * * LOW HITPOINT WARNING * * *
Terence hits you with a +0 mace!
You die...

#..... #....
#.....##.....
#....######.....####...
#......................
#......................
#......................
##......................
#......@................
#......@###.............
#.......................
#........##.####........
#####..............._...
##.#..#.####........
#.#..#.# #........
#.#..#.# #....#...
#.#..#.# #.#######
#..#.# #.#


You could see Terence.

Vanquished Creatures
  An adder (D:2)
  2 worms (D:2)
  2 dart slugs (D:1)
  A bat (D:2)
  An endoplasm (D:1)
  4 goblins (D:1)
  2 hobgoblins (D:2)
  A quokka (D:2)
  2 ball pythons
  4 frilled lizards (D:1)
  6 kobolds
  4 rats (D:1)
30 creatures vanquished.

Notes
Turn   | Place    | Note
-------+----------+-------------------------------------------
     0 | D:1      | Ijustatesigmund the Gnoll Earth Elementalist began the
                  | quest for the Orb.
     0 | D:1      | Reached XP level 1. HP: 13/13 MP: 6/6
   125 | D:1      | Reached XP level 2. HP: 6/19 MP: 3/7
   802 | D:2      | Reached skill level 5 in Spellcasting
   802 | D:2      | Reached XP level 3. HP: 23/25 MP: 7/9
   806 | D:2      | Learned a level 3 spell: Stone Arrow
   863 | D:2      | Reached skill level 1 in Invocations
  1105 | D:2      | Found a shimmering altar of Xom.
  1126 | D:2      | Noticed Terence
  1135 | D:2      | HP: 1/25 [Terence/+0 mace (5)]
  1135 | D:2      | Mangled by Terence

Illustrated notes

Levels and vault maps discovered:
D:1:      lightli_arrival_maybe_door_vault, layout_basic
D:2:      layout_basic, basic_altar, minmay_unequal, uniq_terence

Skill      XL: |  1  2  3 |
---------------+----------+-----
Transmutations | 2 |  2.1
Spellcasting   | 5 |  5.0
Invocations    | 1 |  1.0
Fighting       | |  0.9
Short Blades   | |  0.9
Long Blades    | |  0.9
Axes           | |  0.9
Maces & Flails | |  0.9
Polearms       | |  0.9
Staves         | |  0.9
Ranged Weapons | |  0.9
Throwing       | |  0.9
Armour         | |  0.9
Dodging        | |  4.5
Stealth        | |  4.2
Shields        | |  0.9
Unarmed Combat | |  0.9
Conjurations   | |  0.6
Hexes          | |  0.6
Summonings     | |  0.6
Necromancy     | |  0.6
Translocations | |  0.6
Fire Magic     | |  0.6
Ice Magic      | |  0.6
Air Magic      | |  0.6
Earth Magic    | |  5.4
Poison Magic   | |  0.6
Evocations     | |  0.9

Action                     || total
---------------------------++-------
  Melee: Short sword       ||    57
         Bite              ||     4
   Cast: Sandblast         ||    10
         Stone Arrow       ||     1
   Stab: Sleeping          ||     7
 Armour: Robe              ||     4
  Dodge: Dodged            ||    29
